 Dungeon Crawl Stone Soup version 0.30-a0-722-g3e6e8c874d (webtiles) character file.

Game seed: 461963755978516441

2744 bmack86 the Cleaver (level 9, -2/79 HPs)
             Began as a Minotaur Fighter on Jan 28, 2023.
             Was a Follower of Okawaru.
             Killed from afar by an electric eel (9 damage)
             ... with a bolt of electricity
             ... on level 8 of the Dungeon.
             The game lasted 00:16:58 (6552 turns).

bmack86 the Cleaver (Minotaur Fighter)              Turns: 6552, Time: 00:16:59

Health: -2/79      AC: 20    Str: 24    XL:     9   Next: 41%
Magic:  9/9        EV:  6    Int:  5    God:    Okawaru [*.....]
Gold:   374        SH:  6    Dex: 11    Spells: 8/8 levels left

rFire   . . .      SeeInvis .    a - +0 war axe (vamp)
rCold   . . .      Faith    .    c - +1 buckler
rNeg    . . .      Spirit   .    v - +2 plate armour {Will+}
rPois   .          Reflect  .    (helmet restricted)
rElec   .          Harm     .    s - scarf {repulsion}
rCorr   +          Rampage  .    x - +0 pair of gloves
Will    +....                    (no boots) Stlth
                                 (no amulet)
HPRegen 0.33/turn                b - +4 ring of protection
MPRegen 0.11/turn                l - ring of resist corrosion

@: repel missiles, very slow
A: horns 2, retaliatory headbutt
a: Renounce Religion, Heroism


You were on level 8 of the Dungeon.
You worshipped Okawaru.
Okawaru was aware of your devotion.
You visited 2 branches of the dungeon, and saw 9 of its levels.

You collected 374 gold pieces.

Inventory:

Hand Weapons
 a - a +0 vampiric war axe (weapon)
 r - a +0 battleaxe
Missiles
 i - 8 boomerangs (quivered)
 k - 15 poisoned darts
 o - a throwing net
 z - 3 silver boomerangs
Armour
 c - a +1 buckler (worn)
 s - a scarf of repulsion (worn)
 v - a +2 plate armour of willpower (worn)
 x - a +0 pair of gloves (worn)
Jewellery
 b - a +4 ring of protection (left hand)
 l - a ring of resist corrosion (right hand)
 q - a ring of wizardry
 A - an amulet of magic regeneration
Wands
 j - a wand of flame (14)
 t - a wand of iceblast (10)
Scrolls
 u - 3 scrolls of teleportation
 y - a scroll of brand weapon
Potions
 d - 3 potions of might
 e - a potion of lignification
 f - 10 potions of curing
 g - a potion of magic
 h - 2 potions of heal wounds
 n - 3 potions of brilliance
 p - a potion of berserk rage
 w - a potion of flight {unknown}


   Skills:
 + Level 7.3 Fighting
 * Level 9.3 Axes
 + Level 4.7 Throwing
 + Level 7.2 Armour
 + Level 7.2 Shields
 + Level 1.7 Invocations


You had 8 spell levels left.
You didn't know any spells.
Your spell library contained the following spells:

 Spells                   Type           Power      Damage    Failure   Level
 Magic Dart               Conj           0%         1d3       100%        1
 Sublimation of Blood     Necr           0%         N/A       100%        2
 Mephitic Cloud           Conj/Pois/Air  0%         N/A       100%        3
 Petrify                  Tmut/Erth      0%         N/A       100%        4
 Irradiate                Conj/Tmut      0%         3d11      100%        5
 Call Imp                 Summ           Unusable   N/A       N/A         2

Dungeon Overview and Level Annotations

Branches:
Dungeon (8/15)             Temple (1/1) D:7
   Lair: D:8-11

Altars:
Ashenzari
Cheibriados
Elyvilon
Fedhas
Hepliaklqana
Kikubaaqudgha
Makhleb
Nemelex Xobeh
Okawaru
Ru
Sif Muna
Trog
Uskayaw
Vehumet
Wu Jian
Xom
Yredelemnul
Zin
The Shining One
Ignis

Shops:
D:3 :   D:6 [


Innate Abilities, Weirdness & Mutations

You have a pair of horns on your head.
You reflexively headbutt those who attack you in melee.


Message History

You throw a boomerang.
The boomerang barely misses the electric eel.
The electric eel shoots out a bolt of lightning at you!
The bolt of electricity hits you!
You throw a boomerang.
The boomerang closely misses the electric eel.
The electric eel shoots out a bolt of lightning at you!
The bolt of electricity hits you.
You throw a boomerang.
The boomerang hits the electric eel but does no damage.
The electric eel is almost dead.
The electric eel shoots out a bolt of lightning at you!
The bolt of electricity hits you but does no damage.
You throw a boomerang.
The boomerang barely misses the electric eel.
The electric eel shoots out a bolt of lightning at you!
The bolt of electricity hits you!
The electric eel shoots out a bolt of lightning at you!
The bolt of electricity hits you!
* * * LOW HITPOINT WARNING * * *
You are too injured to fight recklessly!
You are too injured to fight recklessly!
You are too injured to fight recklessly!
The electric eel shoots out a bolt of lightning at you!
The bolt of electricity hits you!
* * * LOW HITPOINT WARNING * * *
The bolt of electricity misses you.
The bolt of electricity hits the electric eel.
The electric eel completely resists.
You see here a scroll of identify.
You enter the shallow water.
Moving in this stuff is going to be slow.
The electric eel shoots out a bolt of lightning at you!
The bolt of electricity hits you.
* * * LOW HITPOINT WARNING * * *
You miss the electric eel.
The electric eel is almost dead.
The electric eel shoots out a bolt of lightning at you!
The bolt of electricity hits you!
You die...

#.#.#.....#.##....
.#.#+......#.#..........
#'#.#......~~.~.........
...#.#+#.#.~~~..~~~~~~~~
...'#.#.#..~............
...#.#.#....~~~...~..∩..
........#..~~≈≈~~~~....~
.........#.~~≈~≈~.....≈~
..~≈≈~~..).~≈~≈S@~~~~~~~
.~~~≈~...#~≈~..?~~....~.
.~~~~≈~...#!##..~.~~.~≈≈
.~≈~~~≈..#.#...#########
..~~~~...+#.####
..~~.....#.#.#
.........##+##
.............#
.........>...#


You could see an electric eel.

Vanquished Creatures
  Maurice (D:8)
  Maggie (D:6)
  Grinder (D:5)
  A wyvern (D:7)
  Menkaure (D:6)
  An ice beast (D:8)
  An orc warrior (D:7)
  The ghost of Darius099 the Shield-Bearer, an amateur GrFi (D:3)
  4 bullfrogs
  2 scorpions
  3 necrophages
  5 wights (D:7)
  2 electric eels (D:8)
  2 hounds
  A jelly (D:6)
  2 orc priests
  4 orc wizards
  4 iguanas
  A centaur simulacrum (D:8)
  7 gnolls
  9 adders
  A shadow imp (D:5)
  A white imp (D:5)
  3 ufetubi
  A worm (D:3)
  11 dart slugs
  16 orcs
  8 ball pythons
  3 bats
  6 endoplasms
  3 giant cockroaches
  5 goblins
  8 hobgoblins
  6 jackals
  7 kobolds
  3 quokkas
  2 frilled lizards
  2 rats (D:2)
140 creatures vanquished.

Vanquished Creatures (others)
  A bush (D:1)
  A plant (D:1)
  2 withered plants (D:3)
4 creatures vanquished.

Grand Total: 144 creatures vanquished

Notes
Turn   | Place    | Note
-------+----------+-------------------------------------------
     0 | D:1      | bmack86 the Minotaur Fighter began the quest for the Orb.
     0 | D:1      | Reached XP level 1. HP: 19/19 MP: 0/0
    75 | D:1      | Reached XP level 2. HP: 27/27 MP: 1/1
   167 | D:1      | Reached skill level 3 in Axes
   941 | D:2      | Reached XP level 3. HP: 31/33 MP: 2/2
  1534 | D:2      | Reached XP level 4. HP: 40/40 MP: 3/3
  1803 | D:3      | Found a runed translucent door.
  1803 | D:3      | Noticed Darius099's ghost (amateur GrFi)
  1808 | D:3      | Found a shimmering blue altar of Sif Muna.
  1820 | D:3      | Reached skill level 4 in Axes
  1832 | D:3      | Reached skill level 1 in Throwing
  1911 | D:3      | Reached XP level 5. HP: 37/47 MP: 4/4
  2086 | D:3      | Found a faded altar of an unknown god.
  2235 | D:3      | Found Quzeok's Book Shop.
  2416 | D:3      | Killed Darius099's ghost
  2417 | D:3      | Reached skill level 5 in Axes
  2417 | D:3      | Reached XP level 6. HP: 31/53 MP: 5/5
  3377 | D:4      | Found an ornate altar of the Wu Jian Council.
  3381 | D:4      | Found a glowing golden altar of the Shining One.
  3383 | D:4      | Found a blossoming altar of Fedhas.
  3413 | D:5      | Entered Level 5 of the Dungeon
  3508 | D:5      | Reached skill level 5 in Armour
  3508 | D:5      | Reached skill level 5 in Shields
  3539 | D:5      | Reached skill level 5 in Fighting
  3705 | D:5      | Found a hide-covered altar of Uskayaw.
  3864 | D:5      | Noticed Grinder
  3874 | D:5      | Reached XP level 7. HP: 61/61 MP: 6/6
  3886 | D:5      | Killed Grinder
  3887 | D:5      | Reached skill level 6 in Axes
  4463 | D:6      | Found Medwaja's Antique Armour Shop.
  4529 | D:6      | Found a basalt altar of Yredelemnul.
  4635 | D:6      | Found a snail-covered altar of Cheibriados.
  4640 | D:6      | Noticed Menkaure
  4645 | D:6      | Reached skill level 7 in Axes
  4645 | D:6      | Reached XP level 8. HP: 38/70 MP: 7/7
  4646 | D:6      | Noticed Maggie
  4649 | D:6      | Killed Menkaure
  4661 | D:6      | Killed Maggie
  5173 | D:6      | Identified the +4 falchion of Ruiny {heavy, rN+}
  5185 | D:6      | Identified the +1 robe of the Sparrow {Fly rElec Str+7
                  | Dex-4}
  5401 | D:7      | Reached skill level 8 in Axes
  5887 | D:7      | Reached XP level 9. HP: 78/78 MP: 8/8
  5924 | D:7      | Found a staircase to the Ecumenical Temple.
  5939 | Temple   | Entered the Ecumenical Temple
  5958 | Temple   | Became a worshipper of Warmaster Okawaru
  6409 | D:8      | Reached skill level 9 in Axes
  6409 | D:8      | Reached skill level 1 in Invocations
  6484 | D:8      | Noticed Maurice
  6528 | D:8      | Killed Maurice
  6528 | D:8      | Reached * piety under Okawaru
  6552 | D:8      | Killed from afar by an electric eel

Illustrated notes

Levels and vault maps discovered:
D:1:      mainiacjoe_arrival_reflecting_pool, layout_basic, serial_forest,
          infiniplex_forest_straight_4, infiniplex_forest_lined_ring,
          infiniplex_forest_clump_medium, infiniplex_forest_3_way,
          infiniplex_forest_clump_small, grunt_decor_fettered
D:2:      layout_loops_ring, kennysheep_path_1
D:3:      layout_rooms, overflow_temple_1_default, gammafunk_ghost_grave,
          serial_shops, nicolae_lakefront_shop,
          shapermc_ecumenical_altar_mp_highgroup, minivault_27,
          chequers_serial_rivers_micro_c
D:4:      nicolae_cairo_tiling_large, layout_basic,
          grunt_temple_overflow_diamond
D:5:      kennysheep_slugbush, layout_loops_ring, amcnicky_altar_gilded,
          uniq_grinder
D:6:      layout_basic, lemuel_doored_altar, lemuel_crystal_altar, serial_shops,
          shop, serial_park_tiny_1, wad_floor_pattern_untrapped, uniq_maggie,
          uniq_menkaure
D:7:      layout_basic, minmay_temple_entry_offerings,
          dreamdust_mushroom_princess
D:8:      layout_basic, mainiacjoe_overflow_alcove_4,
          grunt_dithmenos_smoke_and_mirrors, serial_ice, serial_ice_h,
          serial_ice_a, serial_ice_f, serial_ice_j, uniq_maurice
Temple:   pdpol_scorched_temple

Skill      XL: |  1  2  3  4  5  6  7  8  9 |
---------------+----------------------------+-----
Axes           | 3 4 5 7 8 9 |  9.3
Fighting       | 4 5 6 7 |  7.3
Armour         | 4 5 6 7 |  7.2
Shields        | 4 5 6 7 |  7.2
Throwing       | 1 2 3 4 |  4.7
Invocations    | 1 |  1.7

Action                     |  1- 3 |  4- 6 |  7- 9 || total
---------------------------+-------+-------+-------++-------
  Melee: War axe           |   115 |   138 |   178 ||   431
         Headbutt          |    20 |    24 |    37 ||    81
  Throw: Boomerang         |       |       |    31 ||    31
    Use: Scroll            |     3 |     5 |     8 ||    16
   Stab: Distracted        |       |     1 |       ||     1
 Armour: Scale mail        |    23 |       |       ||    23
         Plate armour      |    20 |   113 |   101 ||   234
  Dodge: Dodged            |    31 |    47 |    42 ||   120
         Repelled          |       |     3 |     2 ||     5
  Block: Buckler           |    19 |    36 |    45 ||   100

Table legend: (Time is in decaauts)
 A = Elapsed time spent in this place.
 B = Non-inter-level travel time spent in this place.
 C = Inter-level travel time spent in this place.
 D = Time resting spent in this place.
 E = Time spent auto-exploring this place.
 F = Levels seen in this place.
 G = Mean time per level.
                   A        B        C        D        E       F      G
               +--------+--------+--------+--------+--------+-----+--------+
         Total |   6690 |   6437 |    253 |    298 |   4319 |   9 |  743.3 |
       Dungeon |   6620 |   6381 |    239 |    298 |   4284 |   8 |  827.5 |
        Temple |     69 |     55 |     14 |      0 |     35 |   1 |   69.0 |
               +--------+--------+--------+--------+--------+-----+--------+

Top non-repeatable levels by time:
     D:4: 997 daAuts
     D:7: 997 daAuts
     D:5: 996 daAuts
     D:1: 922 daAuts
     D:2: 887 daAuts
     D:6: 870 daAuts
     D:3: 769 daAuts
     D:8: 179 daAuts
  Temple: 69 daAuts
